 Dungeon Crawl Stone Soup version 0.19-b1-4-gd8a0a2a (webtiles) character file.

22100 crongle the Cleaver (level 12, -3/108 HPs)
             Began as a Minotaur Fighter on Oct 31, 2016.
             Was a High Priest of Makhleb.
             Slain by an eight-headed hydra (9 damage)
             ... on level 1 of the Lair of Beasts.
             The game lasted 01:05:50 (14273 turns).

crongle the Cleaver (Minotaur Fighter)             Turns: 14273, Time: 01:05:51

Health: -3/108     AC: 17    Str: 25    XL:     12   Next: 60%
Magic:  11/11      EV: 10    Int:  8    God:    Makhleb [*****.]
Gold:   351        SH: 13    Dex: 11    Spells: 0 memorised, 11 levels left

rFire  . . .     SeeInvis .     G - +9 hand axe of Uguq {freeze, *Slow rN+ Int+3}
rCold  + + .     Gourm    .     y - +2 chain mail {rC+}
rNeg   + . .     Faith    .     c - +0 shield
rPois  .         Spirit   .     (helmet restricted)
rElec  .         Reflect  .     (no cloak)
rCorr  .         Harm     .     Q - +1 pair of gloves
MR     +....                    (no boots)
Stlth  ..........               j - amulet of magic regeneration
                                i - ring of protection from cold
                                W - ring of protection from magic

@: no status effects
A: retaliatory headbutt, horns 2
a: Minor Destruction, Lesser Servant of Makhleb, Major Destruction, Greater
Servant of Makhleb, Renounce Religion


You were on level 1 of the Lair of Beasts.
You worshipped Makhleb.
Makhleb was extremely pleased with you.
You were not hungry.

You visited 3 branches of the dungeon, and saw 14 of its levels.

You collected 729 gold pieces.
You spent 378 gold pieces at shops.

Inventory:

Hand Weapons
 G - the +9 hand axe of Uguq (weapon) {freeze, *Slow rN+ Int+3}
   (You found it on level 5 of the Dungeon)

   It has been specially enchanted to freeze those struck by it, causing extra
   injury to most foes and up to half again as much damage against particularly
   susceptible opponents.
   It can also slow down cold-blooded creatures.
   It affects your intelligence (+3).
   It protects you from negative energy.
   It may slow you when you take damage.
Armour
 c - a +0 shield (worn)
 y - a +2 chain mail of cold resistance (worn)
 Q - a +1 pair of gloves (worn)
Jewellery
 i - a ring of protection from cold (right hand)
 j - an amulet of magic regeneration (around neck)
 l - an uncursed ring of ice
 E - an uncursed ring of ice
 V - an uncursed ring of resist corrosion {unknown}
 W - a ring of protection from magic (left hand)
Wands
 f - a wand of polymorph (10/24)
 q - a wand of paralysis (9/24)
 t - a wand of hasting (3/9)
 A - a wand of enslavement (9/24)
 C - a wand of lightning (0/15)
 L - a wand of lightning (9/15)
 R - a wand of teleportation (2/9)
 Z - a wand of flame (8/48)
Scrolls
 e - 5 scrolls of magic mapping
 k - a scroll of fog {unknown}
 s - 2 scrolls of noise
 v - 4 scrolls of remove curse
 D - a scroll of random uselessness
 J - a scroll of amnesia
 K - 3 scrolls of enchant weapon
 T - 2 scrolls of recharging
 U - a scroll of holy word {unknown}
 Y - a scroll of vulnerability {unknown}
Potions
 a - a potion of cancellation
 d - a potion of might
 g - 2 potions of curing
 m - 7 potions of lignification
 o - a potion of cure mutation {unknown}
 p - 3 potions of flight
 u - a potion of resistance
 x - a potion of agility {unknown}
 z - 2 potions of magic {unknown}
 B - a potion of degeneration {unknown}
 H - 2 potions of haste {unknown}
 P - a potion of beneficial mutation {unknown}
Books
 b - a book of Changes

   Spells                             Type                      Level
   a - Beastly Appendage              Transmutation                1
   b - Sticks to Snakes               Transmutation                2
   c - Spider Form                    Transmutation/Poison         3
   d - Ice Form                       Ice/Transmutation            4
   e - Blade Hands                    Transmutation                5
 h - a book of Misfortune

   Spells                             Type                      Level
   a - Confusing Touch                Hexes                        1
   b - Confuse                        Hexes                        3
   c - Gell's Gravitas                Hexes/Translocation          3
   d - Petrify                        Transmutation/Earth          4
   e - Metabolic Englaciation         Hexes/Ice                    5
   f - Yara's Violent Unravelling     Hexes/Transmutation          5
 I - a book of Battle

   Spells                             Type                      Level
   a - Infusion                       Charms                       1
   b - Shroud of Golubria             Charms/Translocation         2
   c - Song of Slaying                Charms                       2
   d - Spectral Weapon                Hexes/Charms                 3
   e - Regeneration                   Charms/Necromancy            3
Comestibles
 n - a bread ration
 r - 7 meat rations
 w - 6 beef jerkies
 M - 9 slices of pizza
 S - 7 fruits
 X - 13 royal jellies


   Skills:
 + Level 10.9 Fighting
 + Level 14.3 Axes
 + Level 12.2 Armour
 + Level 5.7 Dodging
 + Level 1.8 Stealth
 + Level 12.0 Shields


You had 11 spell levels left.
You didn't know any spells.

Dungeon Overview and Level Annotations

Branches:
Dungeon (12/15)            Temple (1/1) D:6            Lair (1/6) D:11
    Orc (0/2) D:9

Altars:
Ashenzari
Cheibriados
Dithmenos
Elyvilon
Fedhas
Gozag
Hepliaklqana
Kikubaaqudgha
Makhleb
Nemelex Xobeh
Okawaru
Qazlal
Ru
Sif Muna
Trog
Uskayaw
Vehumet
Xom
Yredelemnul
Zin
The Shining One

Shops:
D:5 (   D:6 (   D:9 :   D:11 [   D:12 :


Innate Abilities, Weirdness & Mutations

You reflexively headbutt those who attack you in melee.
You have a pair of horns on your head.


Message History

The eight-headed hydra barely misses you.
You block the eight-headed hydra's attack.
The eight-headed hydra bites you but does no damage.
You feel better.
You block the eight-headed hydra's attack. x2
The eight-headed hydra barely misses you.
The eight-headed hydra bites you but does no damage. x2
The eight-headed hydra bites you!
* * * LOW HITPOINT WARNING * * *
The eight-headed hydra barely misses you.
The eight-headed hydra bites you!
* * * LOW HITPOINT WARNING * * *
You feel better.
The eight-headed hydra bites you but does no damage.
The eight-headed hydra bites you!
* * * LOW HITPOINT WARNING * * *
You block the eight-headed hydra's attack.
The eight-headed hydra bites you but does no damage.
The eight-headed hydra bites you!
You die...

#...# #....P#.....##.......#....#
#...# #....##.....##......#.....#
....###....##......#......##.....
#...P#P....##.... +........#.....
#...###.....##.# ##.>....##.P#.#
#.####.....##..#####......##+.#+#
#.## #P..........................
#.D###...........................
................@................
...#.#.#.#.#...D.................
.................................
...#.......#.......$.............
##..........##+#+#P#...# ##+##.
#.#...>...## ##...# ..#
........... ..# ... ..#....... .#


You could see an eight-headed hydra.

Vanquished Creatures
  Erolcha (D:9)
  Fannar (Lair:1)
  An unseen horror (D:10)
  5 hill giants
  An ugly thing (D:11)
  Maurice (D:10)
  A black mamba (Lair:1)
  A spiny frog (Lair:1)
  2 gargoyles
  A freezing wraith (D:11)
  A centaur skeleton (D:9)
  4 komodo dragons
  A two-headed ogre (D:11)
  A queen bee (D:9)
  3 trolls
  2 hippogriffs (Lair:1)
  21 yaks
  A human (D:7)
  A water elemental (D:11)
  4 hogs (D:7)
  A basilisk (D:11)
  A hungry ghost (D:11)
  Edmund (D:5)
  The ghost of Banto the Slasher, an amateur HESk (D:4)
  A mottled dragon (D:11)
  A porcupine (Lair:1)
  A water moccasin (Lair:1)
  5 ice beasts
  4 orc warriors
  2 sky beasts (D:9)
  16 ogres
  A necrophage (D:11)
  4 centaurs
  A phantom (D:4)
  6 crocodiles
  3 big kobolds (D:10)
  10 bullfrogs
  3 gnoll sergeants (D:9)
  5 scorpions
  36 killer bees
  11 wights
  4 howler monkeys
  4 electric eels
  2 crimson imps
  A bullfrog zombie (D:12)
  4 jellies
  A bullfrog skeleton (D:11)
  6 hounds
  Crazy Yiuf (D:6)
  7 orc priests
  8 orc wizards
  A gnoll shaman (D:8)
  3 iguanas
  Terence (D:2)
  9 worker ants
  2 hound skeletons
  9 gnolls
  A howler monkey skeleton (D:5)
  10 adders
  A shadow imp (D:7)
  An adder skeleton (D:7)
  5 worms
  7 leopard geckos
  38 orcs
  5 giant cockroaches
  13 goblins
  4 hobgoblins (D:1)
  8 jackals
  21 kobolds
  3 quokkas
  2 ball pythons
  5 bats
  4 frilled lizards
  A jackal zombie (D:9)
  A leopard gecko skeleton (D:4)
  4 rats
  A fungus (Lair:1)
366 creatures vanquished.

Notes
Turn   | Place    | Note
-------+----------+-------------------------------------------
     0 | D:1      | crongle the Minotaur Fighter began the quest for the Orb.
     0 | D:1      | Reached XP level 1. HP: 19/19 MP: 0/0
   196 | D:1      | Reached XP level 2. HP: 27/27 MP: 1/1
   865 | D:1      | Reached XP level 3. HP: 23/33 MP: 2/2
  1092 | D:2      | Reached skill level 3 in Axes
  1435 | D:2      | Found an ancient bone altar of Kikubaaqudgha.
  1438 | D:2      | Found a shattered altar of Ashenzari.
  1439 | D:2      | Found a sparkling altar of Nemelex Xobeh.
  1441 | D:2      | Noticed Terence
  1452 | D:2      | Killed Terence
  1452 | D:2      | Reached XP level 4. HP: 17/40 MP: 3/3
  1718 | D:3      | Reached skill level 1 in Dodging
  1930 | D:3      | Found a glowing drain.
  1934 | D:3      | Reached skill level 4 in Axes
  1992 | D:3      | Found a burning altar of Makhleb.
  2001 | D:3      | Reached XP level 5. HP: 46/46 MP: 4/4
  2201 | D:3      | Became a worshipper of Makhleb the Destroyer
  2230 | D:4      | Noticed an ogre
  2240 | D:4      | Killed an ogre
  2240 | D:4      | Reached skill level 5 in Shields
  2251 | D:4      | Noticed a phantom
  2495 | D:4      | Killed a phantom
  2495 | D:4      | Reached skill level 5 in Axes
  2495 | D:4      | Reached XP level 6. HP: 50/53 MP: 5/5
  2551 | D:4      | Found a shimmering altar of Xom.
  2759 | D:4      | Noticed Banto's ghost (amateur HESk)
  2779 | D:4      | Killed Banto's ghost
  2779 | D:4      | Reached skill level 5 in Fighting
  2779 | D:4      | Reached skill level 5 in Armour
  2801 | D:4      | Reached XP level 7. HP: 36/61 MP: 6/6
  2916 | D:4      | Reached skill level 6 in Axes
  3379 | D:5      | Entered Level 5 of the Dungeon
  3379 | D:5      | Found Goragiuso's Weapon Boutique.
  3408 | D:4      | Reached * piety under Makhleb
  3736 | D:5      | Noticed Edmund
  3756 | D:5      | Killed Edmund
  3756 | D:5      | Reached XP level 8. HP: 69/69 MP: 7/7
  3820 | D:5      | Found a bloodstained altar of Trog.
  3821 | D:5      | Found an iron altar of Okawaru.
  4405 | D:3      | Reached skill level 7 in Axes
  4516 | D:5      | Got a bloodstained hand axe
  4517 | D:5      | Identified the +9 hand axe of Uguq {freeze, *Slow rN+ Int+3} (You found it on level 5 of the Dungeon)
  4560 | D:6      | Found Wuteuna's Weapon Shoppe.
  4674 | D:6      | Found a staircase to the Ecumenical Temple.
  4824 | D:6      | Found a runed door.
  5043 | D:6      | Noticed Crazy Yiuf
  5047 | D:6      | Killed Crazy Yiuf
  5097 | D:7      | Reached skill level 8 in Axes
  5099 | D:7      | Reached ** piety under Makhleb
  5114 | D:7      | Reached skill level 1 in Stealth
  5118 | D:7      | Reached skill level 9 in Axes
  5118 | D:7      | Reached XP level 9. HP: 57/78 MP: 8/8
  5437 | D:7      | Reached skill level 10 in Axes
  5571 | D:7      | Found a sacrificial altar of Ru.
  5598 | D:7      | Found a shadowy altar of Dithmenos.
  5761 | Temple   | Entered the Ecumenical Temple
  6171 | D:8      | Reached skill level 11 in Axes
  7215 | D:8      | Reached XP level 10. HP: 74/88 MP: 9/9
  7547 | D:9      | Found a staircase to the Orcish Mines.
  7559 | D:9      | Reached *** piety under Makhleb
  7948 | D:9      | Noticed Erolcha
  7958 | D:9      | Killed Erolcha
  7958 | D:9      | Reached skill level 12 in Axes
  8062 | D:9      | HP: 4/90 [orc priest/divine providence (16)]
  8703 | D:9      | Reached XP level 11. HP: 78/95 MP: 10/10
  8727 | D:9      | Reached **** piety under Makhleb
  8987 | D:9      | Found Aloin's Book Boutique.
  9019 | D:9      | Found a stormy altar of Qazlal.
  9525 | D:10     | Entered Level 10 of the Dungeon
  9614 | D:10     | Reached skill level 10 in Shields
  9675 | D:10     | Killed an unseen horror
 10009 | D:10     | Noticed Maurice
 10014 | D:10     | Reached skill level 10 in Armour
 10023 | D:10     | Killed Maurice
 10023 | D:10     | Reached skill level 13 in Axes
 10055 | D:10     | Reached ***** piety under Makhleb
 10361 | D:11     | Noticed a hill giant
 10368 | D:11     | Killed a hill giant
 10382 | D:11     | Found a flagged portal.
 10737 | D:11     | Found a staircase to the Lair.
 10828 | D:11     | Noticed a hill giant
 10841 | D:11     | Killed a hill giant
 10853 | D:11     | Noticed a brown ugly thing
 10861 | D:11     | Killed a brown ugly thing
 11330 | D:10     | Noticed a hill giant
 11338 | D:10     | Killed a hill giant
 11338 | D:10     | Reached skill level 10 in Fighting
 11363 | D:11     | Reached skill level 5 in Dodging
 11578 | D:11     | Noticed a hill giant
 11586 | D:11     | Killed a hill giant
 11586 | D:11     | Reached XP level 12. HP: 106/106 MP: 11/11
 11760 | D:11     | Found Zaum's Antique Armour Emporium.
 11775 | D:11     | Bought a shiny chain mail for 189 gold pieces
 11780 | D:11     | Bought a glowing chain mail for 189 gold pieces
 11797 | D:11     | Reached skill level 14 in Axes
 12044 | D:11     | Found an ancient bone altar of Kikubaaqudgha.
 12495 | D:12     | Found a hazy altar of Hepliaklqana.
 12531 | D:12     | Found Ranguskahac's Book Shop.
 12741 | D:12     | Noticed a seven-headed hydra
 13520 | Lair:1   | Entered Level 1 of the Lair of Beasts
 13691 | Lair:1   | Noticed Fannar
 13712 | Lair:1   | Killed Fannar
 13850 | Lair:1   | Noticed a five-headed hydra
 14272 | Lair:1   | HP: 4/108 [eight-headed hydra (8)]
 14273 | Lair:1   | Slain by an eight-headed hydra

Skill      XL: |  1  2  3  4  5  6  7  8  9 10 11 12 |
---------------+-------------------------------------+-----
Armour         | 4 5 6 7 9 11 12 | 12.2
Shields        | 4 5 6 7 8 9 11 12 | 12.0
Fighting       | 4 5 6 7 8 10 | 10.9
Axes           | 3 4 5 6 9 11 12 13 14 | 14.3
Dodging        | 1 2 3 4 5 |  5.7
Stealth        | 1 |  1.8

Action                   |  1- 3 |  4- 6 |  7- 9 | 10-12 || total
-------------------------+-------+-------+-------+-------++-------
Melee: War axe           |   102 |   122 |   116 |       ||   340
       Headbutt          |    12 |    27 |    37 |   131 ||   207
       Hand axe          |       |       |   149 |   648 ||   797
Evoke: Wand              |       |       |       |     7 ||     7
  Use: Scroll            |       |     6 |     4 |    20 ||    30
       Potion            |       |       |       |     8 ||     8
  Eat: Chunk             |     1 |     4 |       |       ||     5
       Bread ration      |       |     1 |     3 |     5 ||     9
       Meat ration       |       |       |       |     1 ||     1
Armor: Scale mail        |    41 |    44 |     9 |       ||    94
       Chain mail        |       |       |   101 |   248 ||   349
Dodge: Dodged            |    25 |    48 |    66 |   177 ||   316
Block: Shield            |    59 |    62 |   119 |   314 ||   554
